Map: [ESL] Alcyone

Players

ShoWTimE

  • Race: Protoss Protoss
  • League: Master
  • Spawn Location: 7:00

SKillous - Winner!

  • Race: Protoss Protoss
  • League: Grandmaster
  • Spawn Location: 1:00

Event: HomeStory Cup XXV

VOD

Have the link to the VOD?

Description

Time

  • Played on: June 23, 2024, 11:46 a.m.
  • Length: 13:13

All games in this series

Show
View Real Time Build Order
Export as new Build Order

ShoWTimE Protoss 

Build Orders: Phoenix Opening, Blink Stalkers 

Get SALT Encoding   

  12  0:00  Probe  
  13  0:12  Probe  
  14  0:17  Pylon  
  14  0:24  Probe (Chrono Boost)  
  15  0:36  Probe (Chrono Boost)  
  15  0:37  Gateway  
  16  0:44  Probe (Chrono Boost)  
  16  0:46  Assimilator  
  17  0:50  Probe  
  18  1:03  Probe (Chrono Boost)  
  19  1:04  Assimilator  
  19  1:10  Gateway  
  19  1:13  Probe (Chrono Boost)  
  19  1:18  Probe (Chrono Boost)  
  20  1:24  Cybernetics Core  
  21  1:29  Probe  
  22  1:36  Pylon  
  22  1:41  Probe  
  23  1:54  Probe  
  23  2:01  Stalker, Warp Gate  
  26  2:07  Probe  
  29  2:09  Sentry  
  29  2:14  Pylon  
  29  2:19  Probe  
  30  2:27  Pylon  
  30  2:31  Sentry  
  30  2:34  Probe  
  33  2:39  Phoenix  
  33  2:41  Sentry  
  35  2:49  Nexus  
  35  2:52  Probe  
  36  3:00  Shield Battery  
  36  3:04  Probe  
  37  3:09  Twilight Council  
  37  3:16  Probe  
  37  3:18  Pylon  
  38  3:28  Probe (Chrono Boost)  
  39  3:40  Probe (Chrono Boost)  
  39  3:41  Blink (Chrono Boost)  
  40  3:48  Probe (Chrono Boost)  
  41  3:50  Adept x2  
  41  3:51  Phoenix  
  45  3:56  Probe (Chrono Boost)  
  45  4:01  Probe (Chrono Boost)  
  49  4:11  Probe x2 (Chrono Boost)  
  49  4:13  Stalker x2  
  49  4:16  Probe (Chrono Boost)  
  53  4:18  Probe  
  53  4:23  Gateway  
  55  4:27  Assimilator, Probe  
  56  4:37  Stalker x2  
  60  4:49  Probe  
  60  4:50  Probe  
  60  4:51  Robotics Facility  
  60  4:52  Pylon  
  62  4:57  Pylon  
  62  5:02  Phoenix  
  62  5:04  Gateway  
  62  5:10  Stalker  
  62  5:11  Stalker  
  66  5:18  Stalker  
  66  5:20  Nexus  
  68  5:25  Pylon  
  68  5:34  Stalker x2  
  72  5:36  Shield Battery  
  72  5:41  Pylon  
  72  5:47  Stalker  
  74  5:51  Observer  
  75  6:00  Stalker x3  
  77  6:06  Shield Battery  
  77  6:11  Stalker  
  77  6:14  Shield Battery  
  77  6:17  Pylon  
  73  6:23  Stalker x2  
  73  6:24  Shield Battery  
  77  6:30  Stalker  
  77  6:35  Stalker  
  77  6:45  Shield Battery  
  77  6:46  Stalker x2  
  69  6:54  Stalker  
  63  7:04  Probe (Chrono Boost)  
  63  7:05  Stalker  
  65  7:09  Stalker x2  
  65  7:12  Probe (Chrono Boost)  
  65  7:15  Probe (Chrono Boost)  
  70  7:20  Probe x2 (Chrono Boost)  
  70  7:22  Stalker  
  69  7:30  Stalker, Probe x2  
  69  7:34  Stalker x2  
  77  7:42  Probe x2, Pylon  
  69  7:53  Stalker x2  
  69  7:54  Probe  
  65  8:00  Stalker x2  
  57  8:17  Stalker x2  
  53  8:20  Probe  
  53  8:26  Stalker x2  
  56  8:28  Probe  
  56  8:32  Probe  
  58  8:38  Observer  
  59  8:42  Stalker, Nexus  
  61  8:50  Stalker  
  61  9:01  Shield Battery  
  59  9:03  Stalker  
  61  9:14  Pylon  
  61  9:22  Stalker x2  
  64  9:30  Probe  
  64  9:31  Probe  
  66  9:41  Stalker  
  66  9:42  Pylon  
  68  9:45  Probe  
  68  9:46  Gateway, Probe  
  68  9:48  Gateway  
  70  9:59  Stalker x2  
  74  10:00  Probe  
  74  10:01  Probe  
  76  10:13  Probe x2  
  78  10:14  Stalker x2  
  78  10:18  Shield Battery  
  82  10:23  Stalker  
  82  10:27  Stalker  
  86  10:39  Stalker  
  86  10:40  Stalker  
  90  10:47  Stalker  
  92  10:50  Stalker  
  92  10:53  Observer  
  92  10:56  Stalker  
  96  10:57  Zealot  
  98  11:05  Stalker  
  98  11:09  Stalker  
  102  11:18  Stalker  
  103  11:30  Stalker x2  
  103  11:31  Zealot x2  
  104  11:37  Stalker  
  78  11:52  Stalker x2  
  74  11:59  Shield Battery  
  74  12:00  Stalker  
  72  12:05  Observer  
  62  12:11  Stalker  
  58  12:25  Stalker, Zealot x3  
  66  12:39  Stalker  
  58  13:01  Stalker x3  
Show
View Real Time Build Order
Export as new Build Order

SKillous Protoss - Winner!

Build Orders: Phoenix Opening 

Get SALT Encoding   

  12  0:00  Probe  
  13  0:12  Probe  
  14  0:19  Pylon  
  14  0:24  Probe  
  15  0:37  Probe (Chrono Boost)  
  15  0:39  Gateway  
  16  0:46  Probe (Chrono Boost)  
  16  0:47  Assimilator  
  17  0:51  Probe (Chrono Boost)  
  17  0:54  Assimilator  
  18  1:03  Probe (Chrono Boost)  
  19  1:09  Gateway  
  19  1:13  Probe (Chrono Boost)  
  19  1:18  Probe  
  21  1:26  Cybernetics Core  
  21  1:31  Probe  
  22  1:35  Pylon  
  22  1:44  Probe  
  23  1:56  Probe  
  24  2:02  Stalker, Sentry  
  24  2:04  Warp Gate  
  28  2:08  Pylon  
  28  2:10  Probe  
  29  2:25  Sentry  
  29  2:29  Probe  
  32  2:33  Phoenix  
  32  2:40  Sentry  
  32  2:41  Probe  
  35  2:47  Nexus  
  35  2:53  Probe  
  35  2:56  Shield Battery  
  36  3:05  Robotics Facility  
  36  3:08  Probe  
  37  3:15  Pylon  
  37  3:20  Probe  
  38  3:33  Probe  
  39  3:45  Probe  
  40  3:49  Warp Prism (Chrono Boost)  
  40  3:51  Twilight Council  
  42  4:00  Probe x2 (Chrono Boost)  
  46  4:10  Probe (Chrono Boost)  
  46  4:13  Probe (Chrono Boost)  
  46  4:15  Probe (Chrono Boost), Immortal (Chrono Boost)  
  47  4:21  Probe  
  52  4:26  Probe  
  52  4:28  Resonating Glaives (Chrono Boost)  
  53  4:34  Adept x2  
  53  4:36  Probe  
  54  4:44  Gateway x2, Immortal (Chrono Boost)  
  58  4:53  Gateway  
  58  4:54  Gateway  
  58  4:59  Pylon x2  
  58  5:04  Adept  
  58  5:06  Adept  
  62  5:13  Pylon  
  62  5:30  Immortal (Chrono Boost)  
  62  5:33  Adept x2  
  70  5:46  Adept x2  
  74  5:51  Adept x2  
  78  6:00  Adept  
  78  6:01  Adept  
  78  6:03  Pylon  
  78  6:06  Immortal (Chrono Boost)  
  82  6:16  Adept x2  
  82  6:18  Pylon  
  86  6:22  Shield Battery  
  86  6:34  Adept  
  86  6:35  Adept  
  86  6:37  Warp Prism (Chrono Boost), Adept x4  
  76  7:06  Adept x6  
  78  7:32  Immortal (Chrono Boost)  
  78  7:33  Adept x6  
  90  7:38  Pylon  
  90  7:43  Probe x2  
  92  7:51  Assimilator  
  76  8:03  Adept x6  
  76  8:04  Warp Prism (Chrono Boost)  
  76  8:05  Probe  
  79  8:18  Nexus  
  69  8:20  Pylon  
  69  8:26  Immortal (Chrono Boost)  
  67  8:37  Adept x4  
  75  8:41  Adept  
  75  8:43  Adept  
  77  9:03  Immortal (Chrono Boost)  
  77  9:09  Probe x2  
  79  9:14  Adept x5  
  89  9:23  Adept  
  85  9:24  Shield Battery  
  85  9:37  Warp Prism (Chrono Boost)  
  83  9:43  Gateway x2  
  83  9:44  Probe  
  84  9:56  Adept x4  
  92  10:01  Adept x2  
  94  10:08  Observer (Chrono Boost)  
  91  10:21  Adept x3  
  91  10:22  Adept x3  
  103  10:42  Adept x8  
  119  10:48  Pylon  
  117  11:03  Adept x7  
  129  11:07  Adept  
  117  11:26  Warp Prism (Chrono Boost)  
  117  11:28  Adept x4  
  117  11:29  Adept  
  113  11:41  Adept  
  113  11:42  Adept x2  
  98  12:00  Immortal (Chrono Boost)  
  92  12:15  Adept x8  
  93  12:31  Observer (Chrono Boost)  
  93  12:33  Adept x2  
  93  12:40  Adept x4  
  101  12:50  Adept x4  
  105  13:04  Adept x2  
  105  13:05  Adept x2  
Tags
 
Add a new tag
Caveats
  • Supply blocks, unpowered buildings, or Contaminate may cause inaccurate times.
  • Supply counts are checked every 10 seconds.